Map: Thunderbird LE

Players

MaSa - Winner!

  • Race: Terran Terran
  • League: Master
  • Spawn Location: 5:00

Awers

  • Race: Terran Terran
  • League: Grandmaster
  • Spawn Location: 11:00

Event: 2019 Assembly Summer

VOD

Have the link to the VOD?

Description

Time

  • Played on: Aug. 1, 2019, 6:37 a.m.
  • Length: 14:39

All games in this series

Show
View Real Time Build Order
Export as new Build Order

MaSa Terran - Winner!

Build Orders: Gas First Reaper Expand 

Get SALT Encoding   

  12  0:00  SCV  
  13  0:12  SCV  
  14  0:17  Supply Depot  
  14  0:24  SCV  
  14  0:27  Refinery  
  15  0:38  SCV  
  16  0:43  Barracks  
  16  0:50  SCV  
  17  1:02  SCV  
  18  1:15  SCV  
  19  1:30  Reaper, Orbital Command  
  20  1:44  Command Center  
  20  1:55  Factory  
  20  1:59  SCV  
  21  2:05  Barracks Reactor  
  21  2:11  SCV  
  21  2:13  Supply Depot  
  22  2:23  SCV  
  22  2:26  Barracks  
  23  2:35  SCV  
  24  2:40  Factory Tech Lab  
  24  2:42  Refinery  
  24  2:47  Marine x2, SCV  
  27  2:56  Orbital Command  
  27  2:59  SCV  
  27  3:05  Marine  
  29  3:06  Cyclone  
  29  3:09  Marine  
  29  3:11  SCV  
  34  3:14  Barracks Tech Lab  
  34  3:22  SCV  
  34  3:24  SCV  
  34  3:25  Marine  
  36  3:34  Stimpack, Marine, SCV  
  36  3:36  SCV  
  36  3:38  Marine  
  40  3:46  Starport  
  40  3:47  SCV  
  40  3:48  SCV  
  42  3:54  Factory Reactor  
  42  3:57  Marine  
  42  3:58  Marine  
  42  3:59  SCV  
  42  4:00  SCV  
  46  4:05  Supply Depot  
  46  4:18  Supply Depot  
  46  4:26  Marine x3, SCV x2  
  46  4:28  Supply Depot  
  51  4:34  Medivac  
  53  4:38  SCV  
  53  4:40  Medivac, SCV  
  53  4:43  Command Center  
  53  4:44  Marine x3  
  60  4:50  SCV  
  60  4:52  SCV  
  61  4:56  Siege Tank  
  61  4:59  Refinery  
  64  5:00  Supply Depot, Refinery  
  64  5:02  Marine x2  
  64  5:03  Marine, SCV  
  68  5:10  SCV  
  69  5:17  Liberator, SCV  
  69  5:19  Marine  
  69  5:21  Marine, Medivac  
  72  5:29  SCV  
  72  5:33  SCV  
  72  5:34  Barracks x2  
  72  5:35  Barracks  
  77  5:40  Engineering Bay  
  77  5:42  Engineering Bay  
  77  5:44  SCV  
  78  5:53  Marine x3  
  78  5:58  Orbital Command  
  78  5:59  SCV  
  78  6:00  SCV  
  78  6:03  Supply Depot  
  80  6:08  Siege Tank  
  80  6:11  Marine, SCV  
  83  6:15  SCV  
  85  6:23  Marine, SCV  
  85  6:25  SCV  
  91  6:29  Marine  
  91  6:30  Marine, SCV  
  91  6:32  Barracks Tech Lab x3, Medivac  
  83  6:33  Medivac  
  83  6:35  SCV  
  80  6:40  SCV  
  80  6:41  Marine  
  78  6:47  Marine  
  78  6:49  Marine  
  78  6:50  SCV  
  78  6:51  Terran Infantry Armor Level 1, Terran Infantry Weapons Level 1  
  78  6:53  SCV x2  
  76  6:57  Supply Depot  
  76  6:59  Marine  
  76  7:00  Supply Depot  
  78  7:01  Marauder  
  78  7:02  SCV  
  78  7:05  Combat Shield  
  79  7:10  SCV x2  
  79  7:11  Barracks Reactor  
  79  7:13  Marine  
  79  7:14  Marauder, SCV  
  85  7:19  Siege Tank  
  85  7:22  SCV  
  89  7:23  SCV  
  89  7:25  Supply Depot  
  89  7:26  SCV  
  89  7:27  Refinery  
  91  7:30  Refinery  
  91  7:31  Medivac  
  91  7:33  Medivac  
  95  7:38  Marauder  
  95  7:39  SCV  
  95  7:40  SCV  
  95  7:41  Marine, SCV  
  101  7:47  Marine x2  
  97  7:51  SCV  
  97  7:52  SCV  
  97  7:53  SCV  
  97  8:01  Medivac  
  97  8:03  Marine, Medivac  
  97  8:04  Marine, Marauder  
  99  8:05  SCV  
  99  8:06  Command Center  
  99  8:09  Marine, Marauder  
  99  8:10  Marauder  
  99  8:12  SCV x2  
  107  8:15  Supply Depot  
  107  8:16  Armory  
  107  8:17  SCV  
  107  8:24  SCV x2  
  107  8:25  Marauder  
  111  8:30  Marine, Barracks x2  
  111  8:31  Barracks, Marauder  
  111  8:32  Marine x2  
  116  8:38  Supply Depot  
  116  8:39  Supply Depot, Marine  
  116  8:40  Supply Depot, SCV  
  118  8:41  SCV  
  118  8:42  SCV  
  118  8:43  Marine  
  118  8:46  Marine  
  122  8:49  Marine  
  122  8:52  Marauder, SCV  
  122  8:54  Marine  
  126  8:56  SCV x2  
  126  8:57  Marine x2  
  126  9:02  Marauder  
  132  9:04  SCV, Terran Infantry Weapons Level 2, Terran Infantry Armor Level 2, Marauder  
  134  9:12  Marine x2  
  134  9:13  Marauder, SCV  
  134  9:15  Marine x2  
  133  9:22  Terran Vehicle Weapons Level 1, Marine  
  133  9:23  Supply Depot x2  
  125  9:25  Marine  
  125  9:26  Barracks Tech Lab x2  
  125  9:27  Siege Tank  
  125  9:29  Medivac  
  125  9:31  Medivac  
  130  9:34  Marine x2  
  130  9:35  Marine  
  130  9:37  Marine  
  134  9:39  Marauder  
  136  9:46  Concussive Shells  
  136  9:48  Marine x3, Marauder x2  
  136  9:52  Marine  
  143  9:59  Siege Tank, Medivac, Orbital Command  
  148  10:01  Medivac  
  150  10:10  Marine, Marauder x2  
  150  10:11  Marauder  
  155  10:17  Marine x3, Marauder  
  155  10:21  Refinery  
  160  10:22  Refinery  
  160  10:26  Marine, Marauder  
  160  10:28  Command Center  
  163  10:31  Command Center, Medivac  
  163  10:32  Marauder x2  
  163  10:33  Medivac  
  171  10:35  Starport  
  171  10:40  Starport  
  171  10:47  SCV x3  
  169  10:53  Marine x3, Marauder x2  
  169  10:55  Marine x2, Marauder x2  
  182  11:00  Marauder  
  182  11:01  Medivac  
  182  11:03  Medivac  
  188  11:05  Supply Depot x2  
  188  11:10  Missile Turret  
  188  11:12  Missile Turret  
  188  11:14  Missile Turret  
  188  11:15  Missile Turret  
  188  11:19  Marine  
  173  11:25  Marine  
  173  11:26  Marine, Missile Turret, Marauder x2  
  173  11:27  Marine x3, Marauder  
  173  11:31  Marauder  
  179  11:36  Marine  
  179  11:39  Medivac x2  
  172  11:43  Marine x2  
  172  11:45  Marine  
  172  11:46  Marauder x2, Medivac x2  
  171  11:47  Marine, Marauder  
  171  11:48  Marine  
  171  11:52  Marine  
  172  11:55  Terran Infantry Weapons Level 3, Terran Infantry Armor Level 3  
  172  12:00  Marine  
  168  12:01  Marine  
  168  12:04  Marine, Orbital Command  
  168  12:05  Marauder  
  168  12:07  Marine, Marauder x2  
  168  12:08  Marauder  
  169  12:22  Marine  
  169  12:23  Marauder  
  169  12:29  Marine  
  172  12:30  Marauder  
  172  12:32  Marine, Marauder  
  172  12:34  Marine x2  
  172  12:35  Marauder  
  169  12:37  Marauder  
  169  12:38  Siege Tank  
  169  12:40  Marine  
  169  12:44  Marauder  
  169  12:47  Marine  
  169  12:48  Medivac  
  169  12:49  Medivac  
  169  12:50  Starport Reactor, Starport Tech Lab, Marine  
  171  12:51  Marauder  
  171  12:52  Marine  
  171  12:53  Refinery, Marauder  
  171  12:54  Refinery, Marauder, Fusion Core  
  171  12:55  Marine  
  171  12:58  Marine  
  169  12:59  Marauder  
  169  13:05  Planetary Fortress, Marine  
  173  13:06  Marauder  
  177  13:12  Marauder  
  177  13:13  Marine  
  177  13:14  Siege Tank, Marauder x2  
  177  13:16  Marine  
  177  13:17  Marauder  
  188  13:20  Marine, Marauder  
  188  13:21  Viking x2  
  188  13:23  Marine, Viking  
  198  13:28  SCV x2  
  200  13:36  Marine  
  200  13:39  Marine, Marauder  
  195  13:49  Marine x2, Marauder  
  195  13:55  Marine, Marauder, Viking x2  
  186  14:00  Marine  
  186  14:01  Marine, Marauder x2, SCV  
  188  14:03  Marauder  
  188  14:06  Viking x2  
  188  14:07  Marine x2  
  196  14:11  Marauder  
  196  14:13  Marine, SCV  
  196  14:16  Marauder  
  199  14:18  Marine  
Show
View Real Time Build Order
Export as new Build Order

Awers Terran 

Build Orders: Gas First Reaper Expand, Mech 

Get SALT Encoding   

  12  0:00  SCV  
  13  0:12  SCV  
  14  0:17  Supply Depot  
  14  0:25  SCV  
  14  0:27  Refinery  
  15  0:39  SCV  
  16  0:44  Barracks  
  16  0:51  SCV  
  16  0:54  Refinery  
  17  1:03  SCV  
  18  1:15  SCV  
  19  1:30  Orbital Command  
  19  1:31  Reaper  
  20  1:45  Command Center  
  20  1:55  Factory  
  20  1:58  SCV  
  21  2:06  Refinery, Barracks Reactor  
  21  2:10  SCV  
  22  2:16  Supply Depot  
  22  2:22  SCV  
  23  2:34  SCV  
  23  2:40  Starport  
  23  2:42  Widow Mine  
  23  2:44  Marine  
  26  2:46  SCV  
  27  2:55  Marine  
  28  2:58  SCV  
  28  3:03  Marine  
  30  3:09  Factory Tech Lab  
  30  3:10  SCV  
  31  3:15  Refinery  
  31  3:18  Viking  
  33  3:21  Orbital Command  
  33  3:24  SCV  
  33  3:26  Marine  
  35  3:32  Cyclone  
  38  3:36  SCV  
  39  3:41  Supply Depot  
  39  3:47  SCV  
  40  3:48  SCV  
  41  3:59  SCV  
  41  4:01  SCV  
  42  4:07  Marine x2  
  44  4:11  SCV  
  44  4:12  Factory Tech Lab  
  44  4:13  Raven, SCV  
  44  4:16  Supply Depot  
  48  4:23  SCV  
  49  4:25  SCV  
  49  4:28  Supply Depot  
  49  4:29  Marine  
  49  4:31  Bunker  
  52  4:32  Siege Tank  
  52  4:37  SCV x2  
  56  4:43  Supply Depot  
  56  4:49  SCV  
  56  4:52  SCV  
  58  4:57  Command Center  
  58  5:02  SCV  
  58  5:05  Siege Tank  
  62  5:07  Viking  
  62  5:08  SCV  
  62  5:13  Viking  
  68  5:21  SCV  
  68  5:22  SCV  
  68  5:26  Factory  
  67  5:32  Refinery, Barracks Tech Lab  
  67  5:34  Factory  
  67  5:36  SCV  
  67  5:42  Siege Tank  
  71  5:46  Viking x2  
  71  5:48  SCV  
  76  5:52  Supply Depot  
  76  5:54  SCV  
  77  6:02  SCV  
  78  6:09  SCV  
  78  6:10  Orbital Command  
  79  6:12  Siege Tank  
  79  6:14  SCV  
  79  6:16  Viking  
  85  6:22  SCV  
  85  6:23  Siege Tank  
  88  6:31  SCV  
  89  6:33  Siege Tank  
  89  6:38  Orbital Command  
  89  6:39  SCV  
  90  6:43  SCV  
  88  6:52  SCV  
  86  6:55  Siege Tank  
  86  6:56  SCV  
  86  6:59  Command Center  
  86  7:00  Supply Depot x2, Engineering Bay  
  86  7:01  Supply Depot, Refinery  
  90  7:03  Refinery  
  90  7:04  SCV  
  90  7:08  SCV x2  
  90  7:16  SCV  
  90  7:20  SCV  
  92  7:27  SCV  
  92  7:28  Factory Tech Lab, SCV  
  92  7:29  Siege Tank  
  100  7:30  Siege Tank  
  100  7:32  Factory Reactor, SCV  
  100  7:33  Viking  
  103  7:39  SCV  
  103  7:40  SCV  
  103  7:41  Missile Turret  
  103  7:42  Missile Turret  
  103  7:44  SCV  
  100  7:51  SCV  
  100  7:52  SCV  
  100  7:56  SCV  
  102  8:02  Hellion  
  102  8:03  Factory x2, Armory, SCV  
  102  8:04  SCV  
  105  8:08  SCV  
  110  8:12  Hellion  
  110  8:13  Hellion  
  110  8:15  SCV  
  110  8:16  SCV  
  112  8:24  SCV  
  112  8:27  Siege Tank, SCV  
  114  8:28  Sensor Tower  
  114  8:30  Supply Depot x2  
  115  8:34  SCV  
  115  8:37  Missile Turret  
  115  8:38  SCV  
  117  8:51  Viking, Hellion x2, SCV  
  117  8:52  Viking  
  117  8:53  SCV  
  127  8:56  Factory Reactor  
  127  8:57  Factory Tech Lab  
  126  9:03  Hellion, Siege Tank  
  126  9:07  Liberator  
  118  9:13  Hellion  
  118  9:14  Hellion  
  118  9:15  Hellion  
  108  9:24  Siege Tank  
  108  9:27  SCV x2  
  108  9:28  SCV  
  117  9:36  Missile Turret  
  117  9:37  Viking  
  119  9:41  Armory  
  119  9:47  Infernal Pre-Igniter  
  119  9:48  SCV  
  120  9:54  Siege Tank  
  120  9:55  Siege Tank  
  120  9:57  Supply Depot  
  120  9:58  Supply Depot  
  120  9:59  Supply Depot  
  86  10:07  Viking x2  
  126  10:15  Hellion, Siege Tank  
  126  10:16  Hellion  
  126  10:19  Hellion  
  126  10:20  Supply Depot  
  126  10:21  Supply Depot  
  135  10:29  Armory  
  135  10:31  Thor  
  141  10:37  Viking  
  141  10:40  Supply Depot  
  141  10:41  Terran Vehicle Weapons Level 1  
  143  10:42  Supply Depot  
  133  10:54  Missile Turret  
  133  10:55  Hellion x3, Siege Tank x2  
  145  10:59  Hellion  
  145  11:00  Missile Turret  
  144  11:15  Hellion  
  144  11:16  Hellion  
  148  11:25  Hellion x2  
  136  11:27  Hellion, Siege Tank x2  
  136  11:32  Terran Vehicle And Ship Armor Level 1  
  141  11:36  Hellion  
  107  11:54  Liberator x2  
  107  11:57  Hellion x2, Siege Tank  
  107  12:01  Command Center  
  110  12:07  SCV  
  105  12:10  Hellion, Siege Tank  
  105  12:12  SCV x2  
  118  12:19  SCV  
  119  12:25  Hellion x2, Siege Tank  
  126  12:31  Sensor Tower  
  126  12:36  Hellion x2, Siege Tank  
  131  12:42  Hellion  
  121  12:46  Hellion x2, SCV  
  121  12:57  Siege Tank  
  122  13:02  Refinery  
  122  13:03  Siege Tank  
  123  13:15  Hellion x2, Siege Tank  
  130  13:21  Viking  
  132  13:40  Hellion x2, Siege Tank  
  132  13:51  Hellion x2, Siege Tank  
  132  13:52  Hellion  
  127  14:03  SCV x2  
  129  14:13  SCV  
  129  14:15  SCV x2  
  129  14:17  Hellion x2  
Tags
 
Add a new tag
Caveats
  • Supply blocks, unpowered buildings, or Contaminate may cause inaccurate times.
  • Supply counts are checked every 10 seconds.